AoeStats
← ska_18

Arena

505232609Analyzed
3v3 RM · 24d ago on Sep 8, 2026· 60m 17s· 6 players
Game mode
Random Map
Map size
Normal (6 player)
Population
200
Speed
Normal
Resources
Standard
Victory
Conquest
Starting age
Dark Age
Ending age
Imperial Age
RankedLock teamsTeams togetherTeam positionsShared explorationLock speedFull tech treeHidden civsTurbo modeCheats
Victory
Defeat
🇫🇮 Burgundians · Finland
1101
+10
🇦🇹 Saracens · Austria
1043
+12
🇳🇱 Britons · Netherlands
1009
+13
🇨🇳 Lithuanians · China
1021
-14
🇮🇹 Japanese · Italy
956
-12
🇹🇼 Vietnamese · Taiwan
890
-9
ska_18
10:19 Feudal Age
15:32 Castle Age
13:19 Loom
13:53 Double-Bit Axe
13:49 Horse Collar
16:50 Loom
18:27 Wheelbarrow
17:54 Town Watch
22:50 Hand Cart
22:52 Bow Saw
24:55 Gold Mining
24:55 Stone Mining
31:28 Imperial Age
31:35 Imperial Age
29:17 Forging
28:57 Fletching
29:12 Scale Barding Armor
29:03 Treadmill Crane
29:51 Town Patrol
30:14 Ballistics
30:26 Sanctity
30:42 Masonry
30:44 Fortified Wall
31:11 Iron Casting
30:31 Bodkin Arrow
31:05 Bodkin Arrow
33:27 Chemistry
32:33 Siege Engineers
32:25 Murder Holes
32:43 Bimaristan
34:08 Two-Man Saw
34:08 Blast Furnace
33:13 Heavy Plow
34:05 Chain Barding Armor
34:08 Conscription
34:48 Hoardings
35:24 Coinage
35:52 Gold Shaft Mining
34:57 Elite Mameluke
37:02 Plate Barding Armor
36:39 Bloodlines
35:51 Light Cavalry
36:31 Husbandry
37:18 Fervor
38:21 Banking
44:56 Hussar
45:23 Arrowslits
54:01 Devotion
53:57 Herbal Medicine
56:44 Heavy Camel Rider
johankasper
11:43 Feudal Age
16:47 Castle Age
15:07 Horse Collar
16:26 Wheelbarrow
16:03 Double-Bit Axe
16:32 Fletching
16:45 Scale Mail Armor
18:30 Forging
17:44 Pikeman
20:38 Bow Saw
22:07 Gold Mining
22:19 Heavy Plow
23:39 Stone Mining
25:30 Gold Shaft Mining
26:54 Hand Cart
26:28 Crossbowman
27:47 Iron Casting
28:46 Squires
28:45 Bodkin Arrow
29:49 Chain Mail Armor
32:51 Imperial Age
31:56 Ballistics
31:17 Treadmill Crane
31:34 Murder Holes
35:20 Bracer
35:46 Yeomen
35:01 Halberdier
37:25 Chemistry
39:32 Blast Furnace
40:00 Elite Skirmisher
41:24 Padded Archer Armor
44:32 Conscription
52:02 Two-Man Saw
53:10 Plate Mail Armor
52:56 Leather Archer Armor
53:07 Masonry
53:54 Arbalester
55:16 Ring Archer Armor
56:59 Arson
57:00 Capped Ram
Jage
5:22 Loom
5:30 Double-Bit Axe
7:47 Horse Collar
12:20 Feudal Age
13:27 Bow Saw
16:50 Castle Age
15:16 Heavy Plow
18:45 Two-Man Saw
19:13 Stone Mining
20:35 Stone Shaft Mining
22:22 Husbandry
22:14 Gold Mining
23:47 Gold Shaft Mining
24:08 Wheelbarrow
23:18 Town Watch
25:08 Crop Rotation
25:12 Burgundian Vineyards
27:49 Hand Cart
28:14 Forging
28:09 Scale Barding Armor
29:41 Scale Barding Armor
32:22 Imperial Age
30:45 Scale Barding Armor
31:24 Iron Casting
32:37 Elite Coustillier
33:56 Conscription
36:09 Chain Barding Armor
36:50 Blast Furnace
36:03 Masonry
36:06 Fortified Wall
42:43 Elite Skirmisher
44:50 Fletching
45:00 Padded Archer Armor
46:23 Chemistry
50:24 Bodkin Arrow
50:47 Leather Archer Armor
51:38 Town Patrol
810345338
10:15 Feudal Age
14:42 Castle Age
13:37 Double-Bit Axe
13:35 Horse Collar
14:27 Gold Mining
15:19 Loom
16:35 Wheelbarrow
16:47 Bow Saw
20:12 Heavy Plow
23:52 Stone Mining
25:39 Stone Shaft Mining
27:24 Forging
27:39 Scale Barding Armor
30:49 Imperial Age
29:12 Iron Casting
29:04 Bloodlines
28:54 Husbandry
29:33 Hand Cart
30:00 Chain Barding Armor
30:20 Iron Casting
31:54 Conscription
30:56 Elite Leitis
32:15 Plate Barding Armor
32:39 Crop Rotation
33:12 Two-Man Saw
34:37 Treadmill Crane
George
10:08 Feudal Age
10:33 Double-Bit Axe
16:45 Castle Age
17:45 Loom
18:15 Bow Saw
17:49 Elite Skirmisher
19:20 Horse Collar
19:32 Gold Mining
19:52 Fletching
28:09 Imperial Age
27:24 Padded Archer Armor
30:03 Wheelbarrow
30:29 Two-Man Saw
30:10 Bodkin Arrow
30:31 Leather Archer Armor
30:38 Ballistics
33:22 Thumb Ring
35:12 Paper Money
35:34 Heavy Plow
35:43 Bracer
37:21 Hand Cart
40:12 Chemistry
40:16 Arson
40:35 Scale Mail Armor
40:46 Forging
40:50 Squires
42:58 Crop Rotation
42:08 Elite Fire Lancer
43:24 Ring Archer Armor
43:09 Chain Mail Armor
45:17 Iron Casting
45:20 Husbandry
45:31 Bloodlines
45:23 Chatras
45:39 Elite Battle Elephant
45:41 Elite Rattan Archer
47:46 Plate Mail Armor
47:22 Scale Barding Armor
48:31 Imperial Skirmisher
49:34 Chain Barding Armor
54:06 Plate Barding Armor
maalrugu
10:39 Feudal Age
10:22 Loom
15:15 Castle Age
14:10 Double-Bit Axe
15:49 Stone Mining
18:12 Scale Mail Armor
19:59 Chain Mail Armor
20:19 Bow Saw
30:17 Forging
36:56 Imperial Age
36:13 Murder Holes
36:29 Masonry
37:35 Iron Casting
37:18 Capped Ram
38:57 Plate Mail Armor
39:31 Blast Furnace
40:32 Padded Archer Armor
40:22 Fletching
40:38 Scale Barding Armor
42:42 Bloodlines
42:32 Husbandry
43:14 Bodkin Arrow
43:35 Leather Archer Armor
43:41 Chain Barding Armor
44:35 Parthian Tactics
44:36 Ballistics
44:31 Thumb Ring
45:11 Town Watch
Connection lost

Rejoining the realm…

Still unreachable

The connection could not be restored.

Session expired

The server has moved on; the page needs a fresh start.